 Dungeon Crawl Stone Soup version 0.32-a0-540-g866d13106e (webtiles) character file.

Game seed: 6368219382792294709

1572 jasper the Fighter (level 8, -1/98 HPs)
             Began as an Oni Shapeshifter on Feb 28, 2024.
             Slain by a wolf (7 damage)
             ... led by Grum
             ... on level 9 of the Dungeon.
             The game lasted 00:09:19 (6936 turns).

jasper the Fighter (Oni Shapeshifter)               Turns: 6936, Time: 00:09:20

Health: -1/98      AC:  3    Str: 19    XL:     8   Next: 90%
Magic:  8/8        EV:  9    Int: 11    God:
Gold:   1293       SH:  0    Dex: 10    Spells: 7/7 levels left

rFire   . .          .
                       - Unarmed
rCold   . . .        (no shield)
rNeg    . . .        a - +0 animal skin
rPois   .            (helmet currently unavailable)
rElec   .            (cloak currently unavailable)
rCorr   .            (gloves unavailable)
SInv    .            (boots unavailable)
Will    .....        (no amulet)
Stlth   +            (no ring)
HPRegen 0.36/turn    (no ring)
MPRegen 0.11/turn

%: no passive effects
@: beast-form
A: beast (slay +1), large, unfitting armour, horns 1, tough skin 1, double
potion healing, drunken brawling
a: Begin Untransformation


You were on level 9 of the Dungeon.
You were a hulking beast.
You visited 1 branch of the dungeon, and saw 7 of its levels.
You also visited: Sewer.

You collected 1293 gold pieces.

Inventory:

Missiles
 e - 3 large rocks
 g - 17 stones (quivered)
 p - 34 poisoned darts
 D - 6 javelins
Armour
 a - a +0 animal skin (worn)
Jewellery
 x - an amulet of faith
Talismans
 c - a beast talisman (active)
 d - a flux talisman
Wands
 s - a wand of flame (7)
 C - a wand of paralysis (15)
Scrolls
 k - 3 scrolls of poison
 l - a scroll of silence
 n - a scroll of vulnerability
 q - 3 scrolls of teleportation
 t - a scroll of immolation
 u - a scroll of fog
 y - a scroll of revelation
 B - a scroll of blinking {unknown}
 E - a scroll of identify
 F - a scroll of enchant weapon
Potions
 f - 4 potions of attraction
 h - 2 potions of haste {unknown}
 i - 2 potions of enlightenment {unknown}
 j - 3 potions of curing {unknown}
 m - 2 potions of ambrosia {unknown}
 o - a potion of brilliance {unknown}
 r - a potion of berserk rage {unknown}
 v - 5 potions of heal wounds {unknown}
 w - 3 potions of degeneration {unknown}
 z - 2 potions of invisibility {unknown}
 A - 2 potions of magic {unknown}


   Skills:
 - Level 12.0 Fighting
 + Level 4.7 Throwing
 - Level 1.7 Dodging
 + Level 3.7 Unarmed Combat
 - Level 3.0 Shapeshifting


You had 7 spell levels left.
You didn't know any spells.
Your spell library contained the following spells:

 Spells                   Type           Power      Damage    Failure   Level
 Apportation              Tloc           0%         N/A       34%         1
 Necrotise                Necr           0%         1d4       34%         1
 Shock                    Conj/Air       0%         1d3       34%         1
 Sting                    Conj/Alch      0%         1d3       34%         1
 Summon Small Mammal      Summ           0%         N/A       34%         1
 Inner Flame              Hex/Fire       0%         N/A       71%         3
 Swiftness                Air            0%         N/A       71%         3
 Airstrike                Air            0%         2d(0-16)  98%         4
 Manifold Assault         Tloc           0%         N/A       98%         4
 Irradiate                Conj/Alch      0%         3d11      100%        5
 Dispersal                Tloc           0%         N/A       100%        6
 Disjunction              Tloc           0%         N/A       100%        8
 Ignition                 Fire           0%         3d3       100%        8


Dungeon Overview and Level Annotations

Branches:
Dungeon (6/15)             Temple (0/1) D:6           Sewer (visited)

Altars:

Shops:
D:6 :

Portals:
Abyss: D:4

Annotations:
D:4 2 transporters, epsilonplus's ghost, amateur MDRe


Innate Abilities, Weirdness & Mutations

You are a hulking beast.
Your limbs bulge with bestial killing power. (Slay +1)
You are too large for most types of armour.
You have a pair of small horns on your head.
You have tough skin. (AC +1)
You gain doubled healing and magic from potions.
Whenever you drink a healing potion, you attack all around you.


Message History

You punch the yak!
You kill the yak!
You start resting.
HP restored.
Health restored: 98 You see here a yak corpse.
A wolf comes into view.
Found 2 stones.
The wolf howls!
You hear a howl!
A wolf comes into view. x2
The wolf moves out of view.
The wolf attacks as it pursues you! The wolf bites you!
You take 7 damage, and have 91/98 hp.
The wolf bites you.
You take 6 damage, and have 85/98 hp.
You closely miss the wolf. Your headbutt misses the wolf.
The wolf bites you. x2
You take 6 damage, and have 79/98 hp.
You punch the wolf! Your headbutt misses the wolf.
The wolf is moderately wounded.
The wolf bites you. x3; The wolf barely misses you.
You take 8 damage, and have 71/98 hp.
You miss the wolf. Your headbutt misses the wolf.
The wolf is moderately wounded.
The wolf bites you! The wolf closely misses you.
The wolf bites you but does no damage. The wolf bites you.
The wolf bites you but does no damage. The wolf bites you!
You take 18 damage, and have 53/98 hp.
You punch the wolf! Your headbutt misses the wolf.
The wolf is severely wounded.
The wolf bites you. The wolf bites you! x3
* * * LOW HITPOINT WARNING * * *
The wolf bites you!
* * * LOW HITPOINT WARNING * * *
You take 38 damage, and have 15/98 hp.
MASSIVE DAMAGE!!
You punch the wolf!
You kill the wolf!
The wolf bites you!
* * * LOW HITPOINT WARNING * * *
The wolf bites you!
You die...

#.......................#
#.......................#
######.......................#
#....#.......................#
#....#.................#.....#
#....#.................#.....#
#....'.................#.....#
#....#..........hh.....+
#....#..........h†.....#
###'###############....#
.....# ......... .....#
.......... .....# ..........(
.....# ............ ##'###
#....#####... #...# #.... ###
#...#


You could see 2 wolves.

Vanquished Creatures
  3 yaks (D:9)
  An acid dragon (D:9)
  A wolf (D:9)
  A phantom (D:5)
  A kobold brigand (Sewer)
  5 wights (D:9)
  A howler monkey (D:5)
  An orc priest (D:9)
  A bombardier beetle (D:5)
  5 hounds
  A jelly (D:5)
  An iguana (D:5)
  Robin (D:3)
  3 gnolls (D:5)
  10 adders
  6 river rats (Sewer)
  2 white imps (D:5)
  3 dart slugs
  A ribbon worm (D:3)
  9 orcs
  7 ball pythons
  8 endoplasms
  4 giant cockroaches
  13 goblins
  6 hobgoblins
  22 kobolds
  5 bats
  2 frilled lizards
  26 rats
150 creatures vanquished.

Notes
Turn   | Place    | Note
-------+----------+-------------------------------------------
     0 | D:1      | jasper the Oni Shapeshifter began the quest for the Orb.
     0 | D:1      | Reached XP level 1. HP: 19/19 MP: 1/1
   102 | D:1      | Reached skill level 2 in Fighting
   160 | D:1      | Reached XP level 2. HP: 23/29 MP: 2/2
   173 | D:1      | Reached skill level 3 in Fighting
   873 | D:2      | Reached XP level 3. HP: 37/39 MP: 3/3
   938 | D:2      | Reached skill level 4 in Fighting
  1586 | D:3      | Reached skill level 5 in Fighting
  1586 | D:3      | Reached XP level 4. HP: 50/50 MP: 4/4
  1587 | D:3      | Noticed Robin
  1593 | D:3      | Killed Robin
  2464 | D:3      | Identified a scroll of acquirement
  2464 | D:3      | Acquired 946 gold pieces
  2600 | D:4      | Reached skill level 6 in Fighting
  2600 | D:4      | Reached XP level 5. HP: 36/59 MP: 5/5
  2749 | D:4      | Noticed an ancient zyme
  2757 | D:4      | Found a one-way gate to the infinite horrors of the Abyss.
  2757 | D:4      | Noticed epsilonplus's ghost (amateur MDRe)
  2790 | D:4      | Noticed a small abomination
  2918 | D:4      | Found a transporter.
  3200 | D:4      | Reached skill level 7 in Fighting
  3332 | D:4      | Found a transporter.
  3337 | D:4      | Noticed a small abomination
  3512 | D:5      | Entered Level 5 of the Dungeon
  3524 | D:5      | Reached XP level 6. HP: 55/72 MP: 6/6
  3885 | D:5      | Reached skill level 8 in Fighting
  3994 | D:5      | Found a glowing drain.
  3999 | Sewer    | Entered a sewer
  4308 | Sewer    | Reached skill level 9 in Fighting
  4492 | Sewer    | Reached XP level 7. HP: 67/83 MP: 7/7
  5140 | D:5      | Reached skill level 10 in Fighting
  5861 | D:6      | Found Ezokkib's Book Shop.
  5890 | D:6      | Found a staircase to the Ecumenical Temple.
  5944 | D:6      | You fall into a shaft and drop 3 floors!
  5994 | D:9      | Reached skill level 11 in Fighting
  6191 | D:9      | Reached XP level 8. HP: 97/97 MP: 8/8
  6358 | D:9      | Reached skill level 12 in Fighting
  6358 | D:9      | Reached skill level 1 in Throwing
  6706 | D:9      | Noticed a yak
  6706 | D:9      | Noticed a yak
  6737 | D:9      | Noticed a yak
  6741 | D:9      | Killed a yak
  6751 | D:9      | Killed a yak
  6762 | D:9      | Killed a yak
  6936 | D:9      | Slain by a wolf

Illustrated notes

Levels and vault maps discovered:
D:1:      saegor_arrival_simple_b, layout_rooms
D:2:      layout_basic
D:3:      layout_basic, uniq_robin
D:4:      layout_loops_cross, gammafunk_ghost_abyssal_escape
D:5:      layout_loops_ring, gup_sewer_entry_bowl, grunt_ministairs_15,
          kennysheep_windowed_goal
D:6:      layout_loops_ring, minmay_temple_entry_trees, serial_shops, shop,
          shop, shop_statue, shop, shop, uniq_pikel
D:9:      layout_grid_maze, minmay_misc_feat_four_crosses, uniq_grum,
          uniq_erolcha

Skill      XL: |  1  2  3  4  5  6  7  8 |
---------------+-------------------------+-----
Fighting       | 2 3 5 6 7 9 11 12 | 12.0
Throwing       | 4 |  4.7
Unarmed Combat | 3 |  3.7
Dodging        | |  1.7
Shapeshifting  | |  3.0

Action                     |  1- 3 |  4- 6 |  7- 9 || total
---------------------------+-------+-------+-------++-------
  Melee: Unarmed           |    72 |   187 |   155 ||   414
         Headbutt          |    10 |    18 |    13 ||    41
         Punch             |     2 |     3 |       ||     5
  Throw: Large rock        |     5 |     4 |     7 ||    16
         Stone             |       |    21 |     8 ||    29
    Use: Scroll            |     2 |     9 |     1 ||    12
         Potion            |       |       |     2 ||     2
   Stab: Sleeping          |     1 |       |       ||     1
 Armour: Animal skin       |    30 |   115 |   103 ||   248
         Skin              |       |       |    81 ||    81
  Dodge: Dodged            |    29 |    71 |    43 ||   143

Table legend: (Time is in decaauts)
 A = Elapsed time spent in this place.
 B = Non-inter-level travel time spent in this place.
 C = Inter-level travel time spent in this place.
 D = Time resting spent in this place.
 E = Time spent auto-exploring this place.
 F = Levels seen in this place.
 G = Mean time per level.
                   A        B        C        D        E       F      G
               +--------+--------+--------+--------+--------+-----+--------+
         Total |   6930 |   6845 |     85 |    661 |   4961 |   8 |  866.2 |
       Dungeon |   5990 |   5905 |     85 |    659 |   4290 |   7 |  855.7 |
         Sewer |    939 |    939 |      0 |      2 |    671 |   1 |  939.0 |
               +--------+--------+--------+--------+--------+-----+--------+

Top non-repeatable levels by time:
     D:5: 1383 daAuts
     D:3: 1168 daAuts
     D:9: 993 daAuts
   Sewer: 939 daAuts
     D:4: 928 daAuts
     D:2: 743 daAuts
     D:1: 669 daAuts
     D:6: 103 daAuts
